 Dungeon Crawl Stone Soup version 0.31-a0-1522-g43313d8a59 (webtiles) character file.

Game seed: 14420469493407849889

16978 pokeman the Eclecticist (level 12, 0/63 (66) HPs)
             Began as a Deep Elf Hedge Wizard on Dec 30, 2023.
             Was an Elder of Vehumet.
             Slain by a tengu warrior
             ... wielding a +2 long sword of draining
              (10 damage)
             ... on level 12 of the Dungeon.
             The game lasted 00:32:38 (12486 turns).

pokeman the Eclecticist (Deep Elf Hedge Wizard)    Turns: 12486, Time: 00:32:39

HP:   0/63 (66)     AC:  9    Str: 14    XL:     12   Next: 14%
MP:   0/34          EV: 13    Int: 28    God:    Vehumet [****..]
Gold: 1431          SH:  0    Dex: 17    Spells: 28/44 levels left

rFire   . . .        L - +3 hammer of Defiance {elec, rPois rN+ Str+3 Int+3 Stlth-}
rCold   . . .        (no shield)
rNeg    + . .        s - +2 robe of Stoicism {Regen+ rCorr Str-2 Dex+3}
rPois   +            r - +0 helmet
rElec   .            F - +0 cloak {Will+}
rCorr   +            y - +0 pair of gloves
SInv    .            P - +0 pair of boots
Will    ++...        (no amulet)
Stlth   +            K - +4 ring of slaying
HPRegen 1.10/turn    u - +6 ring of strength
MPRegen 0.24/turn

%: no passive effects
@: marked, lightly drained
A: no striking features
a: Renounce Religion


You were on level 12 of the Dungeon.
You worshipped Vehumet.
Vehumet was greatly pleased with you.
You visited 2 branches of the dungeon, and saw 13 of its levels.

You collected 1501 gold pieces.
You spent 70 gold pieces at shops.

Inventory:

Hand Weapons
 c - a +1 dagger of venom
 L - the +3 hammer of Defiance (weapon) {elec, rPois rN+ Str+3 Int+3 Stlth-}
   (You found it on level 7 of the Dungeon)

   Str+3:     It affects your strength (+3).
   Int+3:     It affects your intelligence (+3).
   rPois:     It protects you from poison rN+: It protects you from negative
   energy.
   Stlth-:    It makes you less stealthy.
 N - a +2 quarterstaff of chaos
Missiles
 x - 2 throwing nets
 D - 2 curare-tipped darts
Armour
 r - a +0 helmet (worn)
 s - the +2 robe of Stoicism (worn) {Regen+ rCorr Str-2 Dex+3}
   (You took it off a hobgoblin on level 2 of the Dungeon)

   Str-2:     It affects your strength (-2).
   Dex+3:     It affects your dexterity (+3).
   Regen+:    It increases your rate of health regeneration.
   rCorr:     It protects you from acid and corrosion.
 y - a +0 pair of gloves (worn)
 F - a +0 cloak of willpower (worn)
 P - a +0 pair of boots (worn)
 R - a +1 robe of fire resistance
 V - a +2 robe of cold resistance
Magical Staves
 f - a staff of conjuration
 T - a staff of earth
Jewellery
 n - a ring of positive energy
 u - a +6 ring of strength (right hand)
 B - a ring of willpower
 J - a ring of protection from cold
 K - a +4 ring of slaying (left hand)
 U - a ring of ice
Wands
 o - a wand of paralysis (3)
 t - a wand of roots (12)
 E - a wand of quicksilver (4)
 H - a wand of mindburst (10)
Scrolls
 b - 3 scrolls of blinking
 e - a scroll of poison
 g - 4 scrolls of immolation
 i - a scroll of amnesia
 k - 6 scrolls of teleportation
 l - 4 scrolls of fog
 q - 3 scrolls of fear
 v - a scroll of enchant armour
 z - a scroll of enchant weapon
 A - a scroll of noise
 C - 3 scrolls of revelation
 G - a scroll of silence
 M - a scroll of torment {unknown}
Potions
 a - a potion of attraction
 d - a potion of magic
 h - 3 potions of heal wounds
 j - 5 potions of curing
 m - 2 potions of brilliance {unknown}
 p - 3 potions of haste {unknown}
 w - a potion of ambrosia {unknown}
 I - a potion of might {unknown}
 Q - a potion of cancellation {unknown}
 S - 2 potions of mutation {unknown}


   Skills:
 - Level 4.1 Fighting
 + Level 5.8 Armour
 - Level 3.0 Dodging
 - Level 3.0 Stealth
 * Level 16.5 Spellcasting
 + Level 10.8 Conjurations
 - Level 1.1 Summonings
 - Level 1.1 Translocations
 + Level 8.2 Ice Magic
 - Level 1.0 Air Magic
 - Level 3.0 Earth Magic
 - Level 1.0 Alchemy
 - Level 1.1 Evocations


You had 28 spell levels left.
You knew the following spells:

 Your Spells              Type           Power      Damage    Failure   Level
a - Magic Dart            Conj           100%       1d8       1%          1
b - Mephitic Cloud        Conj/Alch/Air  47%        N/A       1%          3
c - Call Imp              Summ           58%        N/A       1%          2
d - Blink                 Tloc           58%        N/A       1%          2
e - Stone Arrow           Conj/Erth      100%       3d13      1%          3
f - Freezing Cloud        Conj/Ice/Air   28%        6-21      1%          5

Your spell library contained the following spells:

 Spells                   Type           Power      Damage    Failure   Level
 Fulminant Prism          Conj/Alch      27%        3d13      1%          4
 Sandblast                Erth           80%        2d17      1%          1
 Slow                     Hex            92%        N/A       1%          1
 Mercury Vapours          Alch/Air       58%        N/A       1%          2
 Passwall                 Erth           40%        N/A       1%          3
 Brom's Barrelling Bould  Conj/Erth      58%        2d7       1%          4
 Cigotuvi's Dreadful Rot  Necr/Alch/Air  54%        N/A       2%          2


Dungeon Overview and Level Annotations

Branches:
Dungeon (12/15)            Temple (1/1) D:7            Lair (0/5) D:11
    Orc (0/2) D:11

Altars:
Ashenzari
Cheibriados
Dithmenos
Elyvilon
Fedhas
Gozag
Hepliaklqana
Kikubaaqudgha
Makhleb
Nemelex Xobeh
Okawaru
Qazlal
Ru
Sif Muna
Trog
Uskayaw
Vehumet
Wu Jian
Xom
Yredelemnul
Zin
The Shining One

Shops:
D:3 :   D:6 (   D:9 :   D:11 *


Message History

The tengu warrior hits you but does no damage.
You partially resist.
The tengu warrior pecks you but does no damage.
The tengu warrior claws you.
Casting: Stone Arrow (safe; 1% risk of failure)
Confirm with . or Enter, or press ? or * to list all spells.
Aiming: Stone Arrow (safe; 1% risk of failure)
Press: ? - help, Shift-Dir - straight line, f/p - tengu warrior
Aim: a tengu warrior, wielding a +2 long sword of draining, wearing a +0 ring mail and wearing a +0 kite shield (heavily wounded, 63% to hit)
The stone arrow hits the tengu warrior!
The tengu warrior is severely wounded.
The tengu warrior hits you with a +2 long sword of draining!
You partially resist.
You feel drained.
The tengu warrior pecks you but does no damage.
The tengu warrior closely misses you.
An orc wizard comes into view. It is wielding a +0 dagger.
Casting: Stone Arrow (safe; 1% risk of failure)
Confirm with . or Enter, or press ? or * to list all spells.
Aiming: Stone Arrow (safe; 1% risk of failure)
Press: ? - help, Shift-Dir - straight line, f/p - tengu warrior
Aim: a tengu warrior, wielding a +2 long sword of draining, wearing a +0 ring mail and wearing a +0 kite shield (severely wounded, 63% to hit)
The tengu warrior blocks the stone arrow.
The tengu warrior hits you with a +2 long sword of draining!
* * * LOW HITPOINT WARNING * * *
You partially resist.
You feel drained.
* * * LOW HITPOINT WARNING * * *
The tengu warrior closely misses you. x2
Unknown command.
Casting: Stone Arrow (safe; 1% risk of failure)
Confirm with . or Enter, or press ? or * to list all spells.
You don't have enough magic to cast this spell.
Unknown command.
Unknown command.
Aiming: Quicksilver Bolt
Press: ? - help, Shift-Dir - straight line, f/p - tengu warrior
Aim: a tengu warrior, wielding a +2 long sword of draining, wearing a +0 ring mail and wearing a +0 kite shield (severely wounded, 53% to hit)
The bolt of dispelling energy hits the tengu warrior!
The tengu warrior is almost dead.
The tengu warrior hits you with a +2 long sword of draining!
You die...

############
#...........
#####°..Q.......
.§§y○§§.@.#
.☼)§§§§...+
)☼§○°○§..>#
#######...#
#...# #§§§.
#§§§## #§o.#


You could see a tengu warrior, a vampire mosquito and an orc wizard.

Vanquished Creatures
  Fannar (D:10)
  3 two-headed ogres
  A centaur warrior (D:10)
  Urug (D:10)
  Pikel (D:7)
  A cyclops (D:11)
  Maurice (D:11)
  A gargoyle (D:8)
  3 komodo dragons (D:11)
  2 unseen horror zombies (D:8)
  A tengu conjurer (D:12)
  2 trolls
  Sigmund (D:2)
  21 yaks
  2 steam dragons (D:7)
  5 vampire mosquitoes
  4 water moccasins
  2 orc warriors
  An ice beast (D:6)
  A sky beast (D:7)
  A black bear (D:5)
  2 ogres
  9 centaurs
  2 lemures (D:7)
  3 phantoms
  4 kobold brigands
  3 bullfrogs
  2 wyvern zombies (D:8)
  5 gnoll sergeants
  4 scorpions
  17 wights
  5 killer bees (D:9)
  6 howler monkeys
  9 centaur zombies (D:8)
  3 bombardier beetles
  2 jellies
  2 hounds
  8 orc priests
  Crazy Yiuf (D:7)
  12 orc wizards
  2 sleepcaps
  2 killer bee zombies (D:8)
  3 howler monkey zombies (D:8)
  Robin (D:2)
  22 gnolls
  4 adders
  A shadow imp (D:7)
  2 white imps
  2 dart slugs (D:1)
  5 ribbon worms
  32 orcs
  7 bats
  10 endoplasms
  A giant cockroach (D:2)
  17 goblins
  11 hobgoblins
  3 jackals (D:4)
  30 kobolds
  4 quokkas
  4 ball pythons
  2 frilled lizards
  8 rats
328 creatures vanquished.

Vanquished Creatures (collateral kills)
  2 goblins (D:2)
2 creatures vanquished.

Grand Total: 330 creatures vanquished

Notes
Turn   | Place    | Note
-------+----------+-------------------------------------------
     0 | D:1      | pokeman the Deep Elf Hedge Wizard began the quest for the
                  | Orb.
     0 | D:1      | Reached XP level 1. HP: 10/10 MP: 7/7
   243 | D:1      | Reached XP level 2. HP: 6/16 MP: 1/9
   785 | D:1      | Reached skill level 5 in Spellcasting
  1034 | D:1      | Reached XP level 3. HP: 20/20 MP: 8/11
  1038 | D:1      | Learned a level 3 spell: Mephitic Cloud
  1041 | D:1      | Learned a level 2 spell: Call Imp
  1046 | D:1      | Learned a level 2 spell: Blink
  1351 | D:2      | Found an ancient bone altar of Kikubaaqudgha.
  1556 | D:2      | Noticed Robin
  1567 | D:2      | Reached skill level 1 in Armour
  1576 | D:2      | Upgraded the game from 0.31-a0-1499-ge0622b2318 to
                  | 0.31-a0-1522-g43313d8a59
  1594 | D:2      | Killed Robin
  1595 | D:2      | Reached skill level 1 in Fighting
  1605 | D:2      | Reached XP level 4. HP: 24/25 MP: 7/13
  1776 | D:2      | Identified the +2 robe of Stoicism {Regen+ rCorr Str-2
                  | Dex+3}
  1983 | D:2      | Noticed Sigmund
  2001 | D:2      | Killed Sigmund
  2002 | D:2      | Reached skill level 5 in Conjurations
  2002 | D:2      | Reached XP level 5. HP: 29/29 MP: 8/15
  2075 | D:2      | Reached XP level 6. HP: 34/34 MP: 7/16
  2569 | D:3      | Found a faded altar of an unknown god.
  2739 | D:3      | Reached skill level 6 in Spellcasting
  2994 | D:3      | Found Niol's Vocational Training.
  3470 | D:4      | Reached skill level 1 in Air Magic
  3470 | D:4      | Reached skill level 1 in Alchemy
  3470 | D:4      | Reached skill level 1 in Evocations
  3955 | D:5      | Entered Level 5 of the Dungeon
  3964 | D:5      | Reached XP level 7. HP: 38/38 MP: 14/19
  4106 | D:5      | Found a shadowy altar of Dithmenos.
  4136 | D:5      | Reached skill level 7 in Spellcasting
  4495 | D:5      | Found a shimmering altar of Xom.
  4496 | D:5      | Found a burning altar of Makhleb.
  4496 | D:5      | Found a bloodstained altar of Trog.
  4532 | D:5      | Reached skill level 8 in Spellcasting
  4707 | D:5      | Learned a level 3 spell: Stone Arrow
  4713 | D:5      | Learned a level 5 spell: Freezing Cloud
  4856 | D:5      | Reached XP level 8. HP: 43/44 MP: 20/22
  4902 | D:5      | Reached skill level 1 in Earth Magic
  4906 | D:5      | Reached skill level 1 in Ice Magic
  5228 | D:5      | Reached skill level 9 in Spellcasting
  5277 | D:5      | Found a sacrificial altar of Ru.
  5359 | D:6      | Found Gas Uhat's Weapon Emporium.
  5917 | D:6      | Reached skill level 10 in Spellcasting
  6336 | D:7      | Reached XP level 9. HP: 48/48 MP: 7/25
  6676 | D:7      | Noticed Pikel
  6703 | D:7      | Killed Pikel
  6704 | D:7      | Reached skill level 11 in Spellcasting
  6768 | D:7      | Found a staircase to the Ecumenical Temple.
  6789 | Temple   | Entered the Ecumenical Temple
  6804 | Temple   | Became a worshipper of Vehumet
  6879 | D:7      | Identified the +3 hammer of Defiance {elec, rPois rN+ Str+3
                  | Int+3 Stlth-}
  6885 | D:7      | Found a runed translucent door.
  6886 | D:7      | Noticed Crazy Yiuf
  7121 | D:7      | Killed Crazy Yiuf
  7612 | D:8      | Reached skill level 12 in Spellcasting
  7885 | D:8      | Reached * piety under Vehumet
  7885 | D:8      | Offered knowledge of Sting by Vehumet.
  7886 | D:8      | Reached XP level 10. HP: 49/56 MP: 21/28
  8056 | D:8      | Noticed a two-headed ogre
  8061 | D:8      | Killed a two-headed ogre
  8129 | D:8      | Reached skill level 5 in Ice Magic
  8225 | D:8      | Reached skill level 13 in Spellcasting
  8406 | D:8      | Noticed a gargoyle
  8414 | D:8      | Killed a gargoyle
  8791 | D:8      | Found an opulent altar of Gozag.
  8791 | D:8      | Found an iron altar of Okawaru.
  8792 | D:8      | Found a glowing silver altar of Zin.
  9128 | D:9      | Reached ** piety under Vehumet
  9151 | D:9      | Noticed a two-headed ogre
  9155 | D:9      | Offered knowledge of Static Discharge by Vehumet.
  9159 | D:9      | Killed a two-headed ogre
  9183 | D:9      | Reached skill level 14 in Spellcasting
 10109 | D:9      | Found Ojol's Book Shop.
 10263 | D:10     | Entered Level 10 of the Dungeon
 10276 | D:10     | Reached XP level 11. HP: 61/61 MP: 23/31
 10691 | D:10     | Offered knowledge of Hailstorm by Vehumet.
 10709 | D:10     | Noticed a two-headed ogre
 10758 | D:10     | Killed a two-headed ogre
 10997 | D:10     | Noticed a centaur warrior
 11004 | D:10     | Killed a centaur warrior
 11024 | D:10     | Reached skill level 15 in Spellcasting
 11031 | D:10     | Reached *** piety under Vehumet
 11141 | D:10     | Noticed Urug
 11147 | D:10     | Noticed Fannar
 11153 | D:10     | Killed Urug
 11154 | D:10     | Reached skill level 10 in Conjurations
 11260 | D:10     | Killed Fannar
 11261 | D:10     | Reached skill level 5 in Armour
 11432 | D:11     | Offered knowledge of Volatile Blastmotes by Vehumet.
 11863 | D:11     | Found Omyr's General Store.
 11871 | D:11     | Bought a potion of curing for 42 gold pieces
 11871 | D:11     | Bought a scroll of identify for 28 gold pieces
 11886 | D:11     | Identified a scroll of acquirement
 11888 | D:11     | Acquired 1007 gold pieces
 11952 | D:11     | Found a staircase to the Orcish Mines.
 12027 | D:11     | Noticed Maurice
 12035 | D:11     | Killed Maurice
 12036 | D:11     | Reached skill level 16 in Spellcasting
 12171 | D:11     | Reached XP level 12. HP: 66/66 MP: 28/34
 12195 | D:11     | Found a staircase to the Lair.
 12215 | D:11     | Reached **** piety under Vehumet
 12475 | D:12     | Noticed a tengu warrior
 12479 | D:12     | Offered knowledge of Fulminant Prism by Vehumet.
 12486 | D:12     | Slain by a tengu warrior

Illustrated notes

Levels and vault maps discovered:
D:1:      giann_wishing_wells, layout_rooms
D:2:      layout_loops_cross, basic_altar, amethyst_killhole, dk_noncrumbling_4,
          serial_park_tiny_2, minmay_fountain_box, uniq_sigmund, uniq_robin
D:3:      layout_basic, hellmonk_ecumenical_altar_heavens_door,
          nicolae_shop_vocational
D:4:      layout_loops_ring
D:5:      minmay_chambers_of_fours, layout_loops_ring,
          nicolae_overflow_quartered_altars, nicolae_overflow_crystal_walls,
          minmay_misc_feat_encased
D:6:      hellmonk_destroyed_diamonds, layout_basic, serial_shops, shop,
          corexii_checkpoint
D:7:      layout_rooms, minmay_temple_entry_antechambers,
          david_defended_altar_orc, uniq_pikel, uniq_crazy_yiuf_cottage
D:8:      layout_loops_ring, gammafunk_temple_overflow_forgotten, serial_undead,
          serial_undead_f, serial_undead_a, serial_undead_b, serial_undead_d,
          serial_undead_a, serial_undead_a, serial_undead_e, serial_undead_e,
          serial_undead_e, serial_undead_b
D:9:      layout_loops_cross, serial_shops, shop
D:10:     layout_big_octagon, uniq_fannar, uniq_urug
D:11:     layout_gridville, due_lair_maze_entry_diamond, orc_0_dummy,
          serial_shops, shop, uniq_maurice
D:12:     layout_irregular_city, elyvilon_altar_4
Temple:   eino_narrow_crystal_temple

Skill      XL: |  1  2  3  4  5  6  7  8  9 10 11 12 |
---------------+-------------------------------------+-----
Spellcasting   | 5 6 8 10 12 14 16 | 16.5
Armour         | 1 3 4 5 |  5.8
Fighting       | 1 2 3 4 |  4.1
Conjurations   | 2 5 6 7 8 9 10 | 10.8
Dodging        | 3 |  3.0
Stealth        | 3 |  3.0
Air Magic      | 1 |  1.0
Alchemy        | 1 |  1.0
Evocations     | 1 |  1.1
Earth Magic    | 3 |  3.0
Ice Magic      | 1 4 6 7 8 |  8.2
Summonings     | |  1.1
Translocations | |  1.1

Action                     |  1- 3 |  4- 6 |  7- 9 | 10-12 || total
---------------------------+-------+-------+-------+-------++-------
  Melee: Dagger            |    31 |    69 |    97 |       ||   197
         Punch             |     1 |     1 |       |     2 ||     4
         Mace              |       |       |     1 |    99 ||   100
   Cast: Magic Dart        |    92 |   110 |    84 |    26 ||   312
         Mephitic Cloud    |     1 |     9 |    17 |    23 ||    50
         Call Imp          |     1 |     1 |     1 |       ||     3
         Blink             |       |       |     1 |     1 ||     2
         Stone Arrow       |       |       |    71 |   192 ||   263
         Freezing Cloud    |       |       |       |     9 ||     9
  Evoke: Wand              |       |       |       |     1 ||     1
    Use: Scroll            |       |       |       |    17 ||    17
   Stab: Confused          |     1 |     3 |    12 |     7 ||    23
         Distracted        |       |     1 |       |       ||     1
         Sleeping          |       |     1 |       |       ||     1
 Armour: Robe              |    19 |    34 |    63 |   160 ||   276
  Dodge: Dodged            |    26 |    41 |    65 |   144 ||   276

Table legend: (Time is in decaauts)
 A = Elapsed time spent in this place.
 B = Non-inter-level travel time spent in this place.
 C = Inter-level travel time spent in this place.
 D = Time resting spent in this place.
 E = Time spent auto-exploring this place.
 F = Levels seen in this place.
 G = Mean time per level.
                   A        B        C        D        E       F      G
               +--------+--------+--------+--------+--------+-----+--------+
         Total |  12519 |  12227 |    292 |    332 |  10014 |  13 |  963.0 |
       Dungeon |  12488 |  12224 |    264 |    332 |  10014 |  12 | 1040.7 |
        Temple |     30 |      2 |     28 |      0 |      0 |   1 |   30.0 |
               +--------+--------+--------+--------+--------+-----+--------+

Top non-repeatable levels by time:
     D:8: 1924 daAuts
     D:5: 1382 daAuts
     D:2: 1309 daAuts
     D:9: 1259 daAuts
     D:1: 1146 daAuts
    D:10: 1087 daAuts
    D:11: 1042 daAuts
     D:7: 948 daAuts
     D:4: 883 daAuts
     D:6: 856 daAuts
     D:3: 613 daAuts
    D:12: 34 daAuts
  Temple: 30 daAuts
